 Dungeon Crawl Stone Soup version 0.17.1-3-g152610e (webtiles) character file.

1986 amnekian the Grappler (level 9, 69/80 HPs)
             Began as a Troll Monk on Feb 5, 2016.
             Was a Priest of Okawaru.
             Starved to death
             ... while paralysed
             ... on level 7 of the Dungeon on Mar 21, 2016.
             The game lasted 00:37:51 (6028 turns).

amnekian the Grappler (Troll Monk)                  Turns: 6028, Time: 00:37:52

Health: 69/80      AC:  6    Str: 21    XL:     9   Next: 1%
Magic:  8/8        EV:  1    Int:  7    God:    Okawaru [***...]
Gold:   373        SH:  0    Dex: 14    Spells: 0 memorised, 8 levels left

rFire  . . .     SeeInvis .       - Unarmed
rCold  . . .     Clarity  .     a - +1 robe
rNeg   . . .     SustAt   .     (no shield)
rPois  +         Gourm    +     (helmet restricted)
rElec  .         Spirit   .     (no cloak)
rCorr  .         Warding  .     (gloves unavailable)
rMut   .         Stasis   .     (boots unavailable)
MR     .....                    (no amulet)
Stlth  ++........               (no ring)
                                h - ring of poison resistance

@: paralysed, fainting, not resistant to hostile enchantments, unstealthy
A: unfitting armour, claws 3, fast metabolism 3, gourmand, regeneration 2,
shaggy fur 1, tough skin 2
a: Heroism, Renounce Religion


You were on level 7 of the Dungeon.
You worshipped Okawaru.
Okawaru was most pleased with you.
You were fainting.

You visited 2 branches of the dungeon, and saw 8 of its levels.
You also visited: Sewer.

You collected 373 gold pieces.

Inventory:

Hand Weapons
 w - a +0 blowgun
Missiles
 e - 248 stones (quivered)
 l - 3 javelins of returning
 q - 5 silver javelins
 F - 2 javelins
 H - 26 arrows
Armour
 a - a +1 robe (worn)
 n - a +0 cloak
Jewellery
 h - a ring of poison resistance (left claw)
 i - an uncursed ring of poison resistance
Wands
 p - a wand of teleportation (6)
 t - a wand of disintegration (14)
 E - a wand of confusion (42)
Scrolls
 g - 3 scrolls of identify
 r - 2 scrolls of enchant armour
 s - 4 scrolls of recharging
 v - 2 scrolls of immolation
 y - 2 scrolls of remove curse
 A - a scroll of amnesia {unknown}
 B - a scroll of enchant weapon {unknown}
 C - 3 scrolls of teleportation {unknown}
 G - 3 scrolls of magic mapping {unknown}
Potions
 d - 3 potions of flight {unknown}
 f - 2 potions of degeneration {unknown}
 j - 3 potions of haste {unknown}
 k - 7 potions of heal wounds {unknown}
 m - 3 potions of agility {unknown}
 o - 3 potions of lignification {unknown}
 u - 5 potions of invisibility {unknown}
 x - 6 potions of curing {unknown}
 z - 2 potions of resistance {unknown}
 D - a potion of magic {unknown}
Comestibles
 b - 4 bread rations
 c - 5 meat rations


   Skills:
 - Level 2.4 Fighting
 - Level 0.1 Throwing
 * Level 7.6 Dodging
 - Level 1.1 Stealth
 - Level 9.0 Unarmed Combat


You had 8 spell levels left.
You didn't know any spells.

Dungeon Overview and Level Annotations

Branches:
Dungeon (7/15)             Temple (1/1) D:6

Altars:
Ashenzari
Cheibriados
Dithmenos
Fedhas
Kikubaaqudgha
Nemelex Xobeh
Okawaru
Qazlal
Ru
Sif Muna
Vehumet
Xom
Yredelemnul
Zin
The Shining One

Shops:
D:6 *

Annotations:
D:4 ZiggyStardust's ghost, novice DrGl


Innate Abilities, Weirdness & Mutations

You are too large for most types of armour.
You have claws for hands.
Your metabolism is lightning-fast.
You like to eat raw meat.
You heal very quickly.
You are covered in fur (AC +1).
You have very tough skin (AC +2).


Message History

You closely miss the hungry ghost.
The hungry ghost is almost destroyed.
You barely miss the hungry ghost.
The hungry ghost is almost destroyed.
The hungry ghost hits you.
You feel slightly more hungry.
You barely miss the hungry ghost.
You claw the hungry ghost, but do no damage.
The hungry ghost is almost destroyed.
You lose consciousness!
The hungry ghost completely misses you. The hungry ghost hits you.
You feel slightly more hungry. The hungry ghost hits you.
You feel slightly more hungry. The hungry ghost hits you.
You feel slightly more hungry. The hungry ghost hits you.
You feel slightly more hungry. The hungry ghost barely misses you.
The hungry ghost hits you.
You feel slightly more hungry. The hungry ghost hits you.
You feel slightly more hungry. The hungry ghost hits you.
You have starved to death.
You die...

# #.# # #.##.. ' #.
#.#.# #.##.# >. #.##.#.#
#.##.# ... ...... #.##.#
.... ##..# #.....
.....####...##########..
.....'..................
.....##W#)..###########.
... #@##.## ## . #.##.#
# #.##.# #.##.. ......
......# #.# ## .<. #. #.


You could see a hungry ghost.

Vanquished Creatures
  A sky beast (D:7)
  Purgy (Sewer)
  A centaur (D:6)
  An ice beast (D:6)
  A big kobold (D:7)
  3 giant frogs (D:6)
  A wyvern skeleton (D:6)
  2 scorpions
  2 vampire bats (D:2)
  3 wights (D:6)
  4 crimson imps
  A giant frog zombie (D:5)
  4 iguanas
  5 hounds
  A jelly (D:5)
  4 orc wizards
  4 worker ants
  Jessica (D:2)
  A worker ant zombie (D:7)
  4 adders
  9 gnolls
  An ooze (D:5)
  An adder zombie (D:6)
  An adder skeleton (D:6)
  2 worms (D:3)
  8 giant geckos
  20 orcs
  5 ball pythons
  10 bats
  2 bat skeletons (D:2)
  3 bat zombies (D:2)
  11 goblins
  13 hobgoblins
  13 jackals
  9 kobolds
  8 giant cockroaches
  7 giant newts
  2 quokkas
  2 quokka zombies
  9 rats
181 creatures vanquished.

Notes
Turn   | Place    | Note
--------------------------------------------------------------
     0 | D:1      | amnekian the Troll Monk began the quest for the Orb.
     0 | D:1      | Reached XP level 1. HP: 22/22 MP: 0/0
   361 | D:1      | Reached XP level 2. HP: 29/29 MP: 1/1
   770 | D:1      | Reached skill level 5 in Unarmed Combat
   810 | D:1      | Reached XP level 3. HP: 29/36 MP: 2/2
  1131 | D:2      | Noticed Jessica
  1135 | D:2      | Killed Jessica
  1332 | D:2      | Reached XP level 4. HP: 41/44 MP: 3/3
  1676 | D:2      | Found an ancient bone altar of Kikubaaqudgha.
  1698 | D:2      | Reached skill level 6 in Unarmed Combat
  1718 | D:2      | Reached XP level 5. HP: 47/50 MP: 4/4
  1869 | D:2      | Found a glowing golden altar of the Shining One.
  2695 | D:3      | Reached skill level 7 in Unarmed Combat
  3097 | D:3      | Reached XP level 6. HP: 23/59 MP: 5/5
  3476 | D:4      | Noticed ZiggyStardust's ghost (novice DrGl)
  3570 | D:3      | Reached skill level 8 in Unarmed Combat
  3716 | D:5      | Entered Level 5 of the Dungeon
  3781 | D:4      | Reached XP level 7. HP: 62/66 MP: 6/6
  4071 | D:5      | Reached skill level 9 in Unarmed Combat
  4391 | D:5      | Found an iron altar of Okawaru.
  4399 | D:5      | Became a worshipper of Warmaster Okawaru
  4399 | D:5      | Reached * piety under Okawaru
  4399 | D:5      | Reached ** piety under Okawaru
  4421 | D:6      | Found a deep blue altar of Sif Muna.
  4445 | D:6      | Found a glowing drain.
  4464 | Sewer    | Entered a sewer
  4544 | Sewer    | Noticed Purgy
  4551 | Sewer    | Killed Purgy
  4692 | D:6      | Reached XP level 8. HP: 69/74 MP: 7/7
  4764 | D:6      | Reached skill level 5 in Dodging
  4801 | D:6      | Found a staircase to the Ecumenical Temple.
  4812 | Temple   | Entered the Ecumenical Temple
  4991 | D:6      | Found a snail-covered altar of Cheibriados.
  5131 | D:6      | Found Ruonku's General Store.
  5194 | D:6      | Reached *** piety under Okawaru
  5549 | D:7      | Upgraded the game from 0.17.1-2-g5865329 to 0.17.1-3-g152610e
  6004 | D:7      | Reached XP level 9. HP: 76/80 MP: 8/8
  6028 | D:7      | Starved to death

Action                   |  1- 3 |  4- 6 |  7- 9 || total
-------------------------+-------+-------+-------++-------
Melee: Unarmed           |    56 |   203 |   213 ||   472
Throw: Stone             |    15 |     5 |     1 ||    21
Invok: Heroism           |       |       |     2 ||     2
  Use: Scroll            |       |     7 |       ||     7
 Stab: Sleeping          |     2 |       |     4 ||     6
       Distracted        |       |       |     2 ||     2
  Eat: Chunk             |    15 |    25 |    17 ||    57
